 Dungeon Crawl Stone Soup version 0.29.0-7-g18a832c13a (webtiles) character file.

Game seed: 16950071498948176626

33 flotson the Sneak (level 3, -3/29 HPs)
             Began as a Demonspawn Delver on Aug 30, 2022.
             Slain by an iguana (11 damage)
             ... on level 5 of the Dungeon.
             The game lasted 00:00:31 (271 turns).

flotson the Sneak (Demonspawn Delver)                Turns: 271, Time: 00:00:32

Health: -3/29      AC:  3    Str: 14    XL:     3   Next: 12%
Magic:  3/3        EV: 12    Int: 11    God:
Gold:   0          SH:  0    Dex: 14    Spells: 2/2 levels left

rFire   . . .      SeeInvis .   f - +0 trident
rCold   . . .      Faith    .   (no shield)
rNeg    . . .      Spirit   .   b - +0 leather armour
rPois   .          Reflect  .   (helmet restricted)
rElec   .          Harm     .   (no cloak)
rCorr   .          Rampage  .   (no gloves)
Will    .....                   (no boots)
Stlth   ++........              (no amulet)
HPRegen 0.09/turn               (no ring)
MPRegen 0.08/turn               (no ring)

@: no status effects
A: hooves 1, horns 1
a: no special abilities


You were on level 5 of the Dungeon.
You visited 1 branch of the dungeon, and saw 1 of its levels.

Inventory:

Hand Weapons
 a - a +0 hand axe
 f - a +0 trident (weapon)
Missiles
 h - 3 poisoned darts (quivered)
Armour
 b - a +0 leather armour (worn)
Wands
 g - a wand of digging (3)
Scrolls
 c - a scroll of fog
 d - a scroll of magic mapping
 e - a scroll of fear


   Skills:
 + Level 3.3 Fighting
 + Level 2.1 Axes
 + Level 0.0 Throwing
 + Level 0.9 Armour
 + Level 2.1 Dodging
 - Level 4.5 Stealth
 + Level 1.0 Evocations


You had 2 spell levels left.
You didn't know any spells.
Your spell library contained the following spells:

 Spells                   Type           Power      Damage    Failure   Level
 Sting                    Tmut/Pois      0%         1d3       41%         1
 Poisonous Vapours        Pois/Air       0%         N/A       54%         2
 Olgreb's Toxic Radiance  Pois           0%         N/A       99%         4


Dungeon Overview and Level Annotations

Branches:
Dungeon (5/15)
 Temple: D:4-7

Altars:


Innate Abilities, Weirdness & Mutations

You have large cloven feet.
You have a pair of small horns on your head.


Message History

The jackal barely misses you.
You closely miss the jackal. You kick the jackal.
You kill the jackal!
No target in view!
No target in view!
No target in view!
No target in view!
No target in view!
You see here 3 poisoned darts.
h - 3 poisoned darts
Things that are here:
a quokka corpse; a jackal corpse You reach to attack!
The helpless iguana fails to defend itself.
You hit the iguana.
The iguana is lightly wounded.
The iguana bites you!
You hit the iguana but do no damage. Your headbutt misses the iguana.
The iguana is lightly wounded.
The iguana closely misses you.
You hit the iguana but do no damage. You kick the iguana, but do no damage.
You headbutt the iguana.
The iguana is heavily wounded.
The iguana bites you.
You barely miss the iguana. You kick the iguana, but do no damage.
The iguana is heavily wounded.
The iguana bites you!
* * * LOW HITPOINT WARNING * * *
You are too injured to fight recklessly!
You are too injured to fight recklessly!
You are too injured to fight recklessly!
You are too injured to fight recklessly!
You are too injured to fight recklessly!
You are too injured to fight recklessly!
You are too injured to fight recklessly!
You barely miss the iguana. Your kick misses the iguana.
The iguana is heavily wounded.
The iguana bites you but does no damage.
The iguana bites you!
You die...

#.# #..#.## #.#
#####.##.#
#.#######....>...#
#......†.........#
..#######........#
#.# ########.#
#.## #.# #..# #.#
##.# #@# ##.####
#l# ##....# #.#
.##...# #.#
......# #.#
...#......# #.#
#......##.# #.#
#.##..## #.# ..#
..#


You could see an iguana.

Vanquished Creatures
  A hound (D:5)
  2 jackals (D:5)
  A quokka (D:5)
4 creatures vanquished.

Notes
Turn   | Place    | Note
-------+----------+-------------------------------------------
     0 | D:5      | flotson the Demonspawn Delver began the quest for the Orb.
     0 | D:5      | Reached XP level 1. HP: 18/18 MP: 1/1
    21 | D:5      | Noticed a hound
    37 | D:5      | Killed a hound
    38 | D:5      | Reached skill level 1 in Evocations
    38 | D:5      | Discovered your monstrous ancestry.
    38 | D:5      | Gained mutation: You have a pair of small horns on your
                  | head. [demonic ancestry]
    38 | D:5      | Reached XP level 2. HP: 14/24 MP: 2/2
    38 | D:5      | Gained mutation: You have large cloven feet. [demonic
                  | ancestry]
    38 | D:5      | Reached XP level 3. HP: 17/29 MP: 3/3
   271 | D:5      | Slain by an iguana

Illustrated notes

Levels and vault maps discovered:
D:5:      layout_rooms, nicolae_qazlal_scattered_showers

Skill      XL: |  1 |
---------------+----+-----
Axes           | 2 |  2.1
Dodging        | 2 |  2.1
Evocations     | 1 |  1.0
Fighting       | |  3.3
Armour         | |  0.9
Stealth        | |  4.5

Action                   || total
-------------------------++-------
Melee: Hand axe          ||    11
       Trident           ||    20
       Kick              ||     4
       Headbutt          ||     4
  Use: Potion            ||     1
 Stab: Sleeping          ||     1
Armor: Leather armour    ||     5
Dodge: Dodged            ||    14
